cohdb
Replays
Latest Replays
All Replays
Popular Replays
Top Player Replays
Match Explorer
How It Works
Community
CoH3 Stats
Reddit
Sign in to upload your games and track your stats! →
Sign in with Steam
Match 45606739
Unlisted
Match 45606739
Overview
Messages
Build Orders
End
Panzerpioneer Squad
250 Light Carrier
Selects Italian Combined Arms Battlegroup
Selects Bersaglieri Squad
Bersaglieri Squad
Bersaglieri Squad
Construct Light Support Kompanie
2.5-tonne Medical Truck
Panzerjäger Mechanized Group
Selects Bersaglieri Bolster
Fire Support Elements
Selects Semovente da 75/18 Assault Gun
Construct Panzerarmee Kommand
Bersaglieri Squad
Rapid Advance
Emergency Repair Kits
Tungsten Core Ammunition
Selects Strafing Run
Strafing Run
Vehicle Survival Package
Advanced Field Repairs
Armored Reserves
Selects Pact of Steel
Strafing Run
Bersaglieri Squad
kingdom
Gernhardt Reinlunzen
Moikster
Syverus
Arnie
[TW]S.C.
Basildon Bond
cheez931
0
0
Comments
sign in to comment!
No comments posted yet!